 Dungeon Crawl Stone Soup version 0.30-b1-2-g02819fbbbe (webtiles) character file.

Game seed: 14554887104683013858

1649 Uniquedivine the Cleaver (level 8, -3/66 HPs)
             Began as a Minotaur Berserker on May 27, 2023.
             Was a Priest of Trog.
             Shot with an arrow by a centaur (8 damage)
             ... on level 7 of the Dungeon.
             The game lasted 00:51:23 (5416 turns).

Uniquedivine the Cleaver (Minotaur Berserker)       Turns: 5416, Time: 00:51:23

Health: -3/66      AC: 11    Str: 24    XL:     8   Next: 67%
Magic:  7/7        EV:  7    Int:  4    God:    Trog [***...]
Gold:   246        SH:  3    Dex: 10    Spells: 7/7 levels left

rFire   . . .        g - +1 hand axe (vamp)
rCold   + . .        h - +0 buckler
rNeg    . . .        p - +0 plate armour
rPois   .            (helmet restricted)
rElec   .            (no cloak)
rCorr   .            i - +0 pair of gloves
SInv    .            (no boots)
Will    .....        (no amulet) Stlth
                     z - +4 ring of protection
HPRegen 0.31/turn    b - ring of protection from cold
MPRegen 0.10/turn

%: no passive effects
@: mighty, on berserk cooldown, slowed, very slow
A: horns 2, retaliatory headbutt, fangs 1, deformed body
a: Renounce Religion, Berserk, Trog's Hand


You were on level 7 of the Dungeon.
You worshipped Trog.
Trog was most pleased with you.
You visited 1 branch of the dungeon, and saw 7 of its levels.

You collected 298 gold pieces.
You spent 52 gold pieces at shops.

Inventory:

Hand Weapons
 g - a +1 vampiric hand axe (weapon)
 s - a +0 scythe
 C - a +0 war axe
Missiles
 j - 44 stones
 o - 10 poisoned darts
 q - 2 silver javelins (quivered)
 x - a throwing net
Armour
 h - a +0 buckler (worn)
 i - a +0 pair of gloves (worn)
 l - a +0 ring mail of poison resistance
 p - a +0 plate armour (worn)
 t - a +2 robe of resistance
 w - the +0 leather armour of Poas {MP+9}
   (You found it on level 4 of the Dungeon)

   MP:        It affects your magic capacity (+9).
Jewellery
 b - a ring of protection from cold (right hand)
 e - a ring of protection from fire
 z - a +4 ring of protection (left hand)
Wands
 a - a wand of digging (14)
 y - a wand of mindburst (4)
Scrolls
 c - a scroll of immolation
 A - 2 scrolls of poison
Potions
 d - 3 potions of invisibility
 f - 2 potions of might
 k - 2 potions of haste
 m - 2 potions of magic
 n - 3 potions of brilliance
 r - a potion of lignification
 u - 3 potions of curing
 v - a potion of degeneration


   Skills:
 - Level 4.2 Fighting
 + Level 13.3 Axes
 - Level 2.4 Armour
 - Level 2.3 Dodging


You had 7 spell levels left.
You didn't know any spells.
Your spell library contained the following spells:

 Spells                   Type           Power      Damage    Failure   Level
 Cause Fear               Hex            0%         N/A       100%        4
 Dragon Form              Tmut           0%         N/A       100%        7
 Dragon's Call            Summ           0%         N/A       100%        9


Dungeon Overview and Level Annotations

Branches:
Dungeon (6/15)
 Temple: D:4-7

Altars:
Dithmenos
Gozag
Kikubaaqudgha
Qazlal

Shops:
D:5 *


Innate Abilities, Weirdness & Mutations

You have a pair of horns on your head.
You reflexively headbutt those who attack you in melee.
You have very sharp teeth.
Armour fits poorly on your strangely shaped body.


Message History

You feel yourself slow down.
The centaur unwields a +0 shortbow.
The centaur hits you. You block the centaur's attack.
The white imp gestures at you. The puff of frost hits you. You resist.
You hit the centaur but do no damage. You hit the iguana but do no damage.
The centaur barely misses you. You furiously retaliate!
You headbutt the centaur.
The centaur kicks you but does no damage.
The iguana bites you but does no damage.
The centaur hits you but does no damage.
The centaur kicks you but does no damage.
You closely miss the centaur.
The centaur is lightly wounded.
You hit the iguana. The centaur barely misses you.
The centaur kicks you but does no damage.
The iguana bites you.
The centaur hits you but does no damage.
The centaur kicks you but does no damage.
The centaur wields a +0 shortbow.
The centaur shoots an arrow.
The arrow hits you! The white imp hits you. The white imp freezes you.
You resist. The iguana bites you!
Found 6 gold pieces.
You barely miss the iguana.
You headbutt the iguana, but do no damage.
The iguana is lightly wounded.
The iguana bites you!
* * * LOW HITPOINT WARNING * * *
Okay, then.
You feel very mighty all of a sudden.
The centaur shoots an arrow.
The arrow barely misses you.
The iguana bites you but does no damage.
The centaur shoots an arrow.
The arrow hits you!
* * * LOW HITPOINT WARNING * * *
The iguana bites you but does no damage.
Found a scroll of teleportation.
The centaur shoots an arrow.
The arrow hits you.
* * * LOW HITPOINT WARNING * * *
The centaur shoots an arrow.
You block the arrow.
The centaur shoots an arrow.
The arrow hits you!
You die...

..?. .... $..#
#..###.........
##...##..........
##................
#.................
#..@####...........
##..l.# ..l.......#
#...#.###.........##
.......#5..............
......c........##......
...#....#.......##......
...##.#...$.....$.......
.. .....................
.........#.........##


You could see a centaur, an iguana and a white imp.

Vanquished Creatures
  Sigmund (D:3)
  Eustachio (D:4)
  A steam dragon (D:6)
  A black bear (D:6)
  A sky beast (D:7)
  An ogre (D:4)
  A phantom (D:5)
  A bullfrog (D:6)
  2 scorpions (D:5)
  4 wights (D:6)
  Dowan (D:6)
  A howler monkey (D:6)
  4 hounds
  A sleepcap (D:4)
  Ijyb (D:3)
  2 iguanas
  Robin (D:3)
  2 adders
  A white imp (D:6)
  2 ufetubi
  2 worms
  A dart slug (D:1)
  8 orcs
  8 ball pythons
  11 endoplasms
  5 giant cockroaches
  13 goblins
  9 hobgoblins
  9 jackals
  8 kobolds
  4 quokkas
  6 bats
  3 frilled lizards
  A rat (D:3)
118 creatures vanquished.

Vanquished Creatures (others)
  79 fungi (D:3)
  4 plants
83 creatures vanquished.

Grand Total: 201 creatures vanquished

Notes
Turn   | Place    | Note
-------+----------+-------------------------------------------
     0 | D:1      | Uniquedivine the Minotaur Berserker began the quest for the
                  | Orb.
     0 | D:1      | Reached XP level 1. HP: 19/19 MP: 0/0
   194 | D:1      | Reached XP level 2. HP: 27/27 MP: 1/1
   446 | D:1      | Reached skill level 4 in Axes
   589 | D:1      | Reached ** piety under Trog
   873 | D:2      | Reached XP level 3. HP: 33/33 MP: 2/2
  1637 | D:3      | Reached skill level 5 in Axes
  1669 | D:3      | Noticed Robin
  1680 | D:3      | Killed Robin
  1681 | D:3      | Reached XP level 4. HP: 40/40 MP: 3/3
  1738 | D:3      | Noticed Ijyb
  1748 | D:3      | Killed Ijyb
  1867 | D:3      | Found a shadowy altar of Dithmenos.
  1878 | D:3      | Reached skill level 6 in Axes
  1931 | D:3      | Found a stormy altar of Qazlal.
  2034 | D:3      | Found a faded altar of an unknown god.
  2313 | D:3      | Noticed Sigmund
  2329 | D:3      | Killed Sigmund
  2330 | D:3      | Reached skill level 7 in Axes
  2330 | D:3      | Reached XP level 5. HP: 45/46 MP: 4/4
  2330 | D:3      | Reached XP level 6. HP: 51/52 MP: 5/5
  2342 | D:3      | Found an opulent altar of Gozag.
  2690 | D:4      | Noticed Eustachio
  2704 | D:4      | Killed Eustachio
  2705 | D:4      | Reached skill level 8 in Axes
  2749 | D:4      | Identified the +0 leather armour of Poas {MP+9}
  2867 | D:4      | Reached skill level 9 in Axes
  3082 | D:4      | Reached XP level 7. HP: 53/59 MP: 6/6
  3101 | D:4      | Found an ancient bone altar of Kikubaaqudgha.
  3164 | D:4      | Reached *** piety under Trog
  3905 | D:5      | Entered Level 5 of the Dungeon
  4017 | D:5      | Reached skill level 10 in Axes
  4290 | D:5      | Found Useemp's General Store.
  4299 | D:5      | Bought a scroll of identify for 26 gold pieces
  4299 | D:5      | Bought a scroll of identify for 26 gold pieces
  4747 | D:6      | Reached skill level 11 in Axes
  4753 | D:6      | Reached XP level 8. HP: 66/66 MP: 7/7
  4777 | D:6      | Reached skill level 12 in Axes
  5144 | D:6      | Noticed Dowan
  5155 | D:6      | Killed Dowan
  5283 | D:6      | Gained mutation: Armour fits poorly on your strangely
                  | shaped body. [potion of mutation]
  5283 | D:6      | Gained mutation: You have very sharp teeth. [potion of
                  | mutation]
  5384 | D:6      | You fall into a shaft and drop 1 floor!
  5399 | D:7      | Reached skill level 13 in Axes
  5416 | D:7      | Shot with an arrow by a centaur

Illustrated notes

Levels and vault maps discovered:
D:1:      roderic_octagonal_star, layout_basic
D:2:      layout_loops_ring, st_stairs_7
D:3:      layout_loops_cross, pf_just_have_faith,
          mainiacjoe_overflow_catch_the_wave, shapermc_ecumenical_altar_ellora,
          minivault_11, uniq_ijyb, uniq_robin, uniq_sigmund
D:4:      layout_gridville, mainiacjoe_overflow_boulevard, portal_sewer_entry_d,
          uniq_eustachio
D:5:      layout_loops_cross, serial_shops, shop
D:6:      corexii_shack_village, layout_layer_cave, temple_statues,
          grunt_ministairs_1, lightli_corner_chamber, uniq_duvessa
D:7:      layout_cave_pools, enter_bailey_2

Skill      XL: |  1  2  3  4  5  6  7  8 |
---------------+-------------------------+-----
Fighting       | 4 |  4.2
Axes           | 4 5 7 9 11 13 | 13.3
Armour         | |  2.4
Dodging        | |  2.3

Action                     |  1- 3 |  4- 6 |  7- 9 || total
---------------------------+-------+-------+-------++-------
  Melee: Hand axe          |   108 |   149 |   145 ||   402
         Headbutt          |    17 |    34 |    26 ||    77
         Punch             |       |     2 |     1 ||     3
         Bite              |       |       |     2 ||     2
  Throw: Stone             |     5 |       |       ||     5
 Invoke: Berserk           |     1 |     2 |     2 ||     5
    Use: Scroll            |     6 |       |    12 ||    18
         Potion            |       |       |     4 ||     4
 Armour: Animal skin       |     6 |       |       ||     6
         Chain mail        |    15 |       |       ||    15
         Plate armour      |    12 |    41 |    79 ||   132
  Dodge: Dodged            |    37 |    20 |    42 ||    99
  Block: Buckler           |       |       |     6 ||     6
